 Dungeon Crawl Stone Soup version 0.29-a0-222-g5b244fca1f (webtiles) character file.

Game seed: 6424542818312238687

38 PaleWalker the Slicer (level 3, -4/25 HPs)
             Began as a Gnoll Wanderer on Feb 27, 2022.
             Was a Follower of Qazlal.
             Slain by Terence
             ... wielding a +3 trident of holy wrath
              (8 damage)
             ... on level 3 of the Dungeon.
             The game lasted 00:04:06 (1900 turns).

PaleWalker the Slicer (Gnoll Wanderer)              Turns: 1900, Time: 00:04:06

Health: -4/25      AC:  4    Str: 10    XL:     3   Next: 43%
Magic:  9/9        EV: 11    Int: 12    God:    Qazlal [*.....]
Gold:   97         SH:  6    Dex: 13    Spells: 10/12 levels left

rFire   . . .      SeeInvis .   h - +0 dagger (venom)
rCold   . . .      Faith    .   b - +0 buckler
rNeg    . . .      Spirit   .   c - +0 robe
rPois   .          Reflect  .   (no helmet)
rElec   .          Harm     .   d - +0 cloak
rCorr   .          Rampage  .   j - +0 pair of gloves
Will    .....                   (no boots)
Stlth   +.........              (no amulet)
HPRegen 0.08/turn               (no ring)
MPRegen 0.11/turn               (no ring)

@: no status effects
A: fangs 1, strong nose, distributed training
a: Renounce Religion


You were on level 3 of the Dungeon.
You worshipped Qazlal.
Qazlal was aware of your devotion.
You visited 1 branch of the dungeon, and saw 3 of its levels.

You collected 97 gold pieces.

Inventory:

Hand Weapons
 a - a +0 rapier
 h - a +0 dagger of venom (weapon)
Armour
 b - a +0 buckler (worn)
 c - a +0 robe (worn)
 d - a +0 cloak (worn)
 e - a +0 leather armour
 j - a +0 pair of gloves (worn)
 l - a +0 scale mail
Scrolls
 f - a scroll of blinking {unknown}
 i - a scroll of enchant weapon {unknown}
 k - 4 scrolls of teleportation {unknown}
 m - a scroll of identify {unknown}
Potions
 g - a potion of brilliance {unknown}
 n - a potion of haste {unknown}


   Skills:
 + Level 0.8 Fighting
 + Level 8.5 Short Blades
 + Level 0.8 Long Blades
 + Level 0.8 Axes
 + Level 0.8 Maces & Flails
 + Level 0.8 Polearms
 + Level 0.8 Staves
 + Level 0.8 Slings
 + Level 0.8 Bows
 + Level 0.8 Crossbows
 + Level 0.8 Throwing
 + Level 0.8 Armour
 + Level 0.8 Dodging
 + Level 0.8 Stealth
 + Level 2.6 Shields
 + Level 0.8 Unarmed Combat
 + Level 5.0 Spellcasting
 + Level 2.1 Conjurations
 + Level 0.5 Hexes
 + Level 0.5 Summonings
 + Level 0.5 Necromancy
 + Level 0.5 Translocations
 + Level 0.5 Transmutations
 + Level 0.5 Fire Magic
 + Level 0.5 Ice Magic
 + Level 0.5 Air Magic
 + Level 0.5 Earth Magic
 + Level 0.5 Poison Magic
 + Level 1.0 Invocations
 + Level 4.5 Evocations


You had 10 spell levels left.
You knew the following spells:

 Your Spells              Type           Power      Damage    Failure   Level
a - Searing Ray           Conj           16%        2d5       17%         2

Your spell library contained the following spells:

 Spells                   Type           Power      Damage    Failure   Level
 Slow                     Hex            16%        N/A       21%         1
 Static Discharge         Conj/Air       6%         N/A       22%         2
 Confusing Touch          Hex            4%         N/A       52%         3
 Summon Guardian Golem    Hex/Summ       4%         N/A       52%         3
 Vampiric Draining        Necr           4%         2d6       52%         3
 Orb of Destruction       Conj           4%         9d5       100%        7
 Spellforged Servitor     Conj/Summ      3%         N/A       100%        7


Dungeon Overview and Level Annotations

Branches:
Dungeon (3/15)

Altars:
Qazlal
Trog

Annotations:
D:3 Terence


Innate Abilities, Weirdness & Mutations

You have very sharp teeth.
Your uncanny sense of smell can sniff out nearby items.
Your experience applies equally to all skills.


Message History

The bat hits you. The bat hits you. The bat hits you but does no damage. x2
The bat barely misses you. The bat hits you. The bat closely misses you.
The bat hits you. The bat closely misses you.
Terence shouts, "Get ready for death!"
The bat completely misses you.
The orc yells noisily, as Orcs often do.
The bat hits you but does no damage. You block the bat's attack.
The bat barely misses you. The bat barely misses you.
You block the bat's attack. You block the bat's attack.
The bat hits you but does no damage. The bat closely misses you.
You block the bat's attack. The bat hits you but does no damage.
You block the bat's attack.
You hit the bat.
You kill the bat!
Qazlal accepts your kill. Terence shouts, "Now you die!"
Terence hits you with a +3 trident of holy wrath!
You hit Terence but do no damage. Terence says, "Did you write a will?
You should..."
Terence barely misses you.
You hit Terence but do no damage. You hit Terence.
Terence is poisoned.
Terence is lightly wounded.
Terence hits you with a +3 trident of holy wrath.
* * * LOW HITPOINT WARNING * * *
Hit: h) +0 dagger (venom)
Press: ? - help, Dir - move target, f - Terence
Aim: Terence, wielding a +3 trident of holy wrath and wearing a +0 chain mail (moderately wounded, very poisoned, about 28% to evade your +0 dagger of venom)
Okay, then.
Terence hits you from afar with a +3 trident of holy wrath!
You die...

#.##################
###..........o.......#
##...>.........@......#
.....†############....#
##.#.)# #.#.##
#.#..############o..#
#.#............##@#.##
# #.##########.#.###.##
.... #.@## ##.## #...
#.## ##.# #... #..##
##.## ##.# #.#.###.##
#. #.##.#.## ∆ #.###..#
#.# #..# #.# #..#
####.# #.>#


You could see Terence (very poisoned) and an orc.

Vanquished Creatures
  3 bats
  4 endoplasms
  3 giant cockroaches (D:1)
  3 goblins
  5 hobgoblins
  2 quokkas
  5 ball pythons
  A frilled lizard (D:1)
  3 kobolds
  4 rats
33 creatures vanquished.

Notes
Turn   | Place    | Note
-------+----------+-------------------------------------------
     0 | D:1      | PaleWalker the Gnoll Wanderer began the quest for the Orb.
     0 | D:1      | PaleWalker set off with the following items: a +0 rapier, a
                  | +0 buckler, a +0 robe; and the following spells available
                  | to memorise: Searing Ray, Static Discharge
     0 | D:1      | Reached XP level 1. HP: 13/13 MP: 6/6
   205 | D:1      | Reached XP level 2. HP: 19/19 MP: 7/7
   372 | D:1      | Found a faded altar of an unknown god.
   382 | D:1      | Prayed at the altar of an unknown god.
   382 | D:1      | Became a worshipper of Qazlal Stormbringer
   382 | D:1      | Reached * piety under Qazlal
  1011 | D:2      | Reached XP level 3. HP: 24/25 MP: 9/9
  1020 | D:2      | Reached skill level 5 in Spellcasting
  1075 | D:2      | Learned a level 2 spell: Searing Ray
  1098 | D:2      | Found a bloodstained altar of Trog.
  1855 | D:3      | Noticed Terence
  1871 | D:3      | Reached skill level 1 in Invocations
  1900 | D:3      | Slain by Terence

Illustrated notes

Levels and vault maps discovered:
D:1:      amcnicky_arrival_blooded_trapdoor, layout_loops_ring,
          hellmonk_ecumenical_altar_heavens_door, minmay_misc_feat_square,
          st_stairs_7, serial_bayou_pond_a, chequers_serial_rivers_micro_c
D:2:      minmay_spotlight, layout_loops_ring, basic_altar
D:3:      layout_loops_ring, uniq_crazy_yiuf_cottage, uniq_terence

Skill      XL: |  1  2  3 |
---------------+----------+-----
Conjurations   | 2 |  2.1
Spellcasting   | 5 |  5.0
Invocations    | 1 |  1.0
Fighting       | |  0.8
Short Blades   | |  8.5
Long Blades    | |  0.8
Axes           | |  0.8
Maces & Flails | |  0.8
Polearms       | |  0.8
Staves         | |  0.8
Slings         | |  0.8
Bows           | |  0.8
Crossbows      | |  0.8
Throwing       | |  0.8
Armour         | |  0.8
Dodging        | |  0.8
Stealth        | |  0.8
Shields        | |  2.6
Unarmed Combat | |  0.8
Hexes          | |  0.5
Summonings     | |  0.5
Necromancy     | |  0.5
Translocations | |  0.5
Transmutations | |  0.5
Fire Magic     | |  0.5
Ice Magic      | |  0.5
Air Magic      | |  0.5
Earth Magic    | |  0.5
Poison Magic   | |  0.5
Evocations     | |  4.5

Action                   || total
-------------------------++-------
Melee: Rapier            ||    52
       Bite              ||     9
       Dagger            ||    57
 Stab: Sleeping          ||     1
Armor: Robe              ||    21
Dodge: Dodged            ||    38
Block: Buckler           ||    26

Table legend: (Time is in decaauts)
 A = Elapsed time spent in this place.
 B = Non-inter-level travel time spent in this place.
 C = Inter-level travel time spent in this place.
 D = Time resting spent in this place.
 E = Time spent auto-exploring this place.
 F = Levels seen in this place.
 G = Mean time per level.
                   A        B        C        D        E       F      G
               +--------+--------+--------+--------+--------+-----+--------+
         Total |   1869 |   1821 |     48 |      0 |   1513 |   3 |  623.0 |
       Dungeon |   1869 |   1821 |     48 |      0 |   1513 |   3 |  623.0 |
               +--------+--------+--------+--------+--------+-----+--------+

Top non-repeatable levels by time:
     D:1: 932 daAuts
     D:2: 724 daAuts
     D:3: 212 daAuts
